AoeStats
← 钓鱼佬

Arabia

509607803Analyzed
1v1 RM · 5d ago on Sep 27, 2026· 30m 12s· 2 players
Game mode
Random Map
Map size
Tiny (2 player)
Population
200
Speed
Normal
Resources
Standard
Victory
Conquest
Starting age
Dark Age
Ending age
Imperial Age
RankedLock teamsTeams togetherTeam positionsShared explorationLock speedFull tech treeHidden civsTurbo modeCheats
Victory
Defeat
🇨🇳 Vikings · China
1586
+20
🇮🇹 Maya · Italy
1665
-20
钓鱼佬
6:22 Loom
6:25 Loom
6:31 Loom
9:35 Feudal Age
10:33 Double-Bit Axe
14:10 Horse Collar
16:40 Padded Archer Armor
16:35 Fletching
22:03 Castle Age
21:07 Scale Mail Armor
21:17 Forging
21:40 Arson
21:50 Gold Mining
23:03 Chain Mail Armor
22:56 Squires
23:50 Iron Casting
24:42 Bow Saw
Buon natale ziopapà
0:28 Loom
10:24 Feudal Age
11:09 Double-Bit Axe
15:02 Fletching
16:49 Padded Archer Armor
19:43 Horse Collar
20:48 Wheelbarrow
21:08 Scale Mail Armor
24:27 Castle Age
23:20 Gold Mining
25:09 Bodkin Arrow
24:39 Crossbowman
25:32 Bow Saw
27:14 Hand Cart
Connection lost

Rejoining the realm…

Still unreachable

The connection could not be restored.

Session expired

The server has moved on; the page needs a fresh start.